 Dungeon Crawl Stone Soup version 0.29.1-2-gbd0b4ee654 (webtiles) character file.

Game seed: 13249181874444956039

34 writerjack the Conjurer (level 3, -13/24 HPs)
             Began as a Human Conjurer on Oct 27, 2022.
             Mangled by an ogre
             ... wielding a +0 giant club
              (20 damage)
             ... on level 2 of the Dungeon.
             The game lasted 00:03:22 (2368 turns).

writerjack the Conjurer (Human Conjurer)            Turns: 2368, Time: 00:03:22

Health: -13/24     AC:  3    Str:  7    XL:     3   Next: 50%
Magic:  6/6        EV: 11    Int: 20    God:
Gold:   37         SH:  0    Dex: 11    Spells: 5/6 levels left

rFire   . . .      SeeInvis .   f - +1 dagger (venom)
rCold   . . .      Faith    .   (no shield)
rNeg    . . .      Spirit   .   d - +0 leather armour
rPois   .          Reflect  .   (no helmet)
rElec   .          Harm     .   (no cloak)
rCorr   .          Rampage  .   (no gloves)
Will    .....                   (no boots)
Stlth   ++........              (no amulet)
HPRegen 0.08/turn               (no ring)
MPRegen 0.10/turn               (no ring)

@: no status effects
A: no striking features
a: no special abilities


You were on level 2 of the Dungeon.
You visited 1 branch of the dungeon, and saw 3 of its levels.

You collected 37 gold pieces.

Inventory:

Hand Weapons
 f - a +1 dagger of venom (weapon)
Missiles
 c - 12 poisoned darts
Armour
 a - a +0 robe
 d - a +0 leather armour (worn)
Scrolls
 e - 4 scrolls of identify {unknown}
 g - a scroll of noise {unknown}
 k - a scroll of immolation {unknown}
Potions
 b - a potion of magic
 h - a potion of haste {unknown}
 i - a potion of lignification {unknown}
 j - a potion of resistance {unknown}
 l - a potion of brilliance {unknown}


   Skills:
 - Level 2.2 Dodging
 - Level 2.2 Stealth
 + Level 2.4 Spellcasting
 * Level 4.5 Conjurations


You had 5 spell levels left.
You knew the following spells:

 Your Spells              Type           Power      Damage    Failure   Level
a - Magic Dart            Conj           80%        1d7       3%          1

Your spell library contained the following spells:

 Spells                   Type           Power      Damage    Failure   Level
 Searing Ray              Conj           40%        2d5       5%          2
 Dazzling Flash           Conj/Hex       22%        N/A       26%         3
 Fulminant Prism          Conj/Hex       5%         3d7       65%         4
 Iskenderun's Mystic Bla  Conj/Tloc      11%        2d4       65%         4


Dungeon Overview and Level Annotations

Branches:
Dungeon (3/15)

Altars:


Message History

Aiming: Magic Dart (safe; 3% risk of failure)
Press: ? - help, Shift-Dir - straight line, f - hobgoblin
Aim: a hobgoblin (100% to hit)
The magic dart hits the hobgoblin but does no damage.
A hobgoblin is nearby!
You closely miss the hobgoblin. The hobgoblin barely misses you.
You hit the hobgoblin.
The hobgoblin is poisoned.
The hobgoblin is almost dead.
The hobgoblin hits you.
You hit the hobgoblin.
You kill the hobgoblin!
HP restored.
You now have 37 gold pieces (gained 11).
A kobold comes into view. It is wielding a +0 short sword.
The kobold hits you but does no damage.
You hit the kobold.
The kobold is poisoned.
The kobold is severely wounded.
The kobold closely misses you.
You hit the kobold but do no damage.
The kobold looks as sick as possible!
The kobold is severely wounded.
You kill the kobold!
You see here a +0 short sword.
l - a pink potion
Found a stone staircase leading down.
There is a stone staircase leading down here.
Found a ring mail.
There is a stone staircase leading down here.
You climb downwards.
The ogre shouts!
Found a stone staircase leading up.
There is a stone staircase leading up here.
The ogre hits you with a +0 giant club!!
Ouch! That really hurt!
* * * LOW HITPOINT WARNING * * *
You climb upwards.
There is a stone staircase leading down here.
The ogre attacks as you move away!
The ogre hits you with a +0 giant club!!
Ouch! That really hurt!
You die...

.........###
..........>#
.#########..#.#
............#.#
..........#.#.#
..........#.#.#
.........##.#.#
.......O.##.#.#
.......@.##.#.#
.........##.#.#
..[......+ .#.#
.........# #.#
##+#####+## #.#
.........# #.#.#
.........#####.#.#
...............#.#
............####.##


You could see an ogre.

Vanquished Creatures
  2 worms (D:2)
  An endoplasm (D:1)
  A giant cockroach (D:2)
  3 goblins (D:1)
  2 hobgoblins
  A quokka (D:1)
  4 ball pythons
  5 bats
  5 kobolds
  4 rats
28 creatures vanquished.

Notes
Turn   | Place    | Note
-------+----------+-------------------------------------------
     0 | D:1      | writerjack the Human Conjurer began the quest for the Orb.
     0 | D:1      | Reached XP level 1. HP: 13/13 MP: 3/3
   283 | D:1      | Reached XP level 2. HP: 12/19 MP: 3/5
  1234 | D:1      | Reached XP level 3. HP: 24/24 MP: 4/6
  2357 | D:3      | Noticed an ogre
  2368 | D:2      | Mangled by an ogre

Illustrated notes

Levels and vault maps discovered:
D:1:      dpeg_arrival_long_road, layout_basic, chequers_big_river
D:2:      layout_basic, chequers_jeans, hex_tiny
D:3:      layout_loops_ring, shapermc_ecumenical_altar_mp_vishouse,
          eino_tiny_chamber, hangedman_decor_points, minmay_strange_pillars,
          palyth_stone_intersect, uniq_crazy_yiuf_cottage

Action                   || total
-------------------------++-------
Melee: Unarmed           ||    12
       Dagger            ||    12
       Punch             ||     1
 Cast: Magic Dart        ||    51
Armor: Robe              ||     5
       Leather armour    ||     4
Dodge: Dodged            ||    23
